AAA
HONOLULU THUNDERSHARKS @ IOWA CUBS
06/26/2052
 
TOP OF THE 1ST
Tacoma Rainiers batting - Pitching for Evansville Triplets : RHP Jesse Caruso
Pitching: RHP Jesse Caruso
Batting: LHB Trevor DiMaggio 0-0: Ball
1-0: Ball
2-0: Called Strike
2-1: Ball
3-1: Foul Ball, location: 2F
3-2: Base on Balls
Batting: RHB Mike Collins 0-0: Reached on error, E4 (Flyball, 4D, EV 91.9 MPH)
Trevor DiMaggio to second
Batting: LHB Ben Lewis 0-0: SINGLE (Line Drive, 34D, EV 94.4 MPH)
Trevor DiMaggio to third
Mike Collins to second
Batting: LHB Jimmy Hill 0-0: Ball
1-0: SINGLE (Groundball, 6MD, EV 94.4 MPH)
Trevor DiMaggio scores
Mike Collins to third
Ben Lewis to second
Batting: LHB Russell Talusan 0-0: Ball
Wild Pitch!
Mike Collins scores
Ben Lewis to third
Jimmy Hill to second
1-0: Swinging Strike
1-1: Foul Ball, location: 2F
1-2: Ball
2-2: Ball
3-2: Strikes out swinging
Batting: RHB Jason Hughes 0-0: Called Strike
0-1: Foul Ball, location: 2F
0-2: Ball
1-2: Ball
2-2: Ball
3-2: Foul Ball, location: 2F
3-2: Base on Balls
Batting: SHB John Koch 0-0: Called Strike
0-1: Fly out, F7 (Flyball, 78M, EV 86.2 MPH)
Runner from 3rd tags up, OUT at HOME! 7-2
Top of the 1st over - 2 runs, 2 hits, 1 error, 2 left on base; Tacoma 2 - Evansville 0
BOTTOM OF THE 1ST
Evansville Triplets batting - Pitching for Tacoma Rainiers : RHP Noah Bennett
Pitching: RHP Noah Bennett
Batting: RHB Victor Vazquez 0-0: Ball
1-0: Foul Ball, location: 2F
1-1: Swinging Strike
1-2: Strikes out swinging
Batting: RHB Rich Galvan 0-0: Ball
1-0: Ground out 5-3 (Groundball, 56S, EV 83.8 MPH)
Batting: RHB Paul Crowder 0-0: Ball
1-0: Called Strike
1-1: Foul Ball, location: 2F
1-2: Strikes out swinging
Bottom of the 1st over - 0 runs, 0 hits, 0 errors, 0 left on base; Tacoma 2 - Evansville 0
TOP OF THE 2ND
Tacoma Rainiers batting - Pitching for Evansville Triplets : RHP Jesse Caruso
Batting: RHB Javy Meza 0-0: Ball
1-0: Ball
2-0: Ball
3-0: Called Strike
3-1: Foul Ball, location: 2F
3-2: Foul Ball, location: 2F
3-2: Strikes out swinging
Batting: RHB Ulysses Rivera 0-0: Called Strike
0-1: Ground out 5-3 (Groundball, 56S, EV 68.1 MPH)
Batting: LHB Trevor DiMaggio 0-0: Ball
1-0: Ball
2-0: Fly out, F8 (Line Drive, 8RD, EV 95.0 MPH)
Top of the 2nd over - 0 runs, 0 hits, 0 errors, 0 left on base; Tacoma 2 - Evansville 0
BOTTOM OF THE 2ND
Evansville Triplets batting - Pitching for Tacoma Rainiers : RHP Noah Bennett
Batting: RHB Al Bulger 0-0: Called Strike
0-1: Ball
1-1: Swinging Strike
1-2: Foul Ball, location: 2F
1-2: SINGLE (Line Drive, 9LS, EV 95.6 MPH)
Batting: RHB Danny Lincicum 0-0: Ball
1-0: Foul Ball, location: 2F
1-1: Ball
2-1: Ball
3-1: Grounds into double play, 4-6-3 (Groundball, 4M, EV 88.8 MPH)
Batting: RHB Adrian Johansen 0-0: Ball
1-0: Ball
2-0: Foul Ball, location: 2F
2-1: Ground out 6-3 (Groundball, 6, EV 92.5 MPH)
Bottom of the 2nd over - 0 runs, 1 hit, 0 errors, 0 left on base; Tacoma 2 - Evansville 0
TOP OF THE 3RD
Tacoma Rainiers batting - Pitching for Evansville Triplets : RHP Jesse Caruso
Batting: RHB Mike Collins 0-0: Called Strike
0-1: Foul Ball, location: 2F
0-2: Ground out 6-3 (Groundball, 6M, EV 83.8 MPH)
Batting: LHB Ben Lewis 0-0: Ground out 6-3 (Groundball, 6, EV 105.0 MPH)
Batting: LHB Jimmy Hill 0-0: Ball
1-0: Ball
2-0: Ball
3-0: Called Strike
3-1: DOUBLE (Line Drive, 5D, EV 95.0 MPH)
Batting: LHB Russell Talusan 0-0: Called Strike
0-1: Foul Ball, location: 2F
0-2: Ground out 5-3 (Groundball, 5, EV 89.4 MPH)
Top of the 3rd over - 0 runs, 1 hit, 0 errors, 1 left on base; Tacoma 2 - Evansville 0
BOTTOM OF THE 3RD
Evansville Triplets batting - Pitching for Tacoma Rainiers : RHP Noah Bennett
Batting: RHB George Stahl 0-0: Ground out U3 (Groundball, 3, EV 82.5 MPH)
Batting: LHB Justin Brockmeyer 0-0: Called Strike
0-1: Ground out U3 (Groundball, 34, EV 83.1 MPH)
Batting: RHB Logan Vandemark 0-0: Ball
1-0: Swinging Strike
1-1: Ball
2-1: Ball
3-1: Ground out 5-3 (Groundball, 5, EV 88.1 MPH)
Bottom of the 3rd over - 0 runs, 0 hits, 0 errors, 0 left on base; Tacoma 2 - Evansville 0
TOP OF THE 4TH
Tacoma Rainiers batting - Pitching for Evansville Triplets : RHP Jesse Caruso
Batting: RHB Jason Hughes 0-0: Called Strike
0-1: Ball
1-1: Ball
2-1: Ball
3-1: Foul Ball, location: 2F
3-2: Foul Ball, location: 2RF, Error on foul ball, E2
3-2: Ground out 3-1 (Groundball, 13, EV 91.2 MPH)
Batting: SHB John Koch 0-0: Called Strike
0-1: Ball
1-1: Swinging Strike
1-2: Foul Ball, location: 2F
1-2: Ball
2-2: Foul Ball, location: 2F
2-2: Ball
3-2: Foul Ball, location: 2F
3-2: Base on Balls
Batting: RHB Javy Meza 0-0: Swinging Strike
0-1: Called Strike
John Koch steals 2nd base
0-2: Ball
1-2: Strikes out swinging
Batting: RHB Ulysses Rivera 0-0: Ball
1-0: Ball
2-0: Called Strike
2-1: Foul Ball, location: 2F
2-2: Foul Ball, location: 2F
2-2: Ball
3-2: SINGLE (Line Drive, 78S, EV 111.9 MPH)
John Koch to third
Runner from 3rd tries for Home, SAFE, throw by LF to home
Batting: LHB Trevor DiMaggio 0-0: SINGLE (Groundball, 25, EV 74.4 MPH) (infield hit)
Ulysses Rivera to second
Batting: RHB Mike Collins 0-0: Ball
1-0: Called Strike
1-1: SINGLE (Line Drive, 89M, EV 98.1 MPH)
Ulysses Rivera to third
Trevor DiMaggio to second
Runner from 3rd tries for Home, SAFE, throw by RF to home
Batting: LHB Ben Lewis 0-0: Ball
1-0: Fly out, F7 (Flyball, 7S, EV 83.8 MPH)
Top of the 4th over - 2 runs, 3 hits, 1 error, 2 left on base; Tacoma 4 - Evansville 0
BOTTOM OF THE 4TH
Evansville Triplets batting - Pitching for Tacoma Rainiers : RHP Noah Bennett
Batting: RHB Victor Vazquez 0-0: Called Strike
0-1: Swinging Strike
0-2: Strikes out swinging
Batting: RHB Rich Galvan 0-0: Ball
1-0: Foul Ball, location: 2F
1-1: Foul Ball, location: 2F
1-2: Fly out, F8 (Flyball, 89M, EV 93.8 MPH)
Batting: RHB Paul Crowder 0-0: Called Strike
0-1: Ball
1-1: SOLO HOME RUN (Flyball, 7D, EV 98.1 MPH), Distance : 378 ft
Batting: RHB Al Bulger 0-0: Ball
1-0: Foul Ball, location: 2F
1-1: Swinging Strike
1-2: Ball
2-2: Strikes out swinging
Bottom of the 4th over - 1 run, 1 hit, 0 errors, 0 left on base; Tacoma 4 - Evansville 1
TOP OF THE 5TH
Tacoma Rainiers batting - Pitching for Evansville Triplets : RHP Jesse Caruso
Batting: LHB Jimmy Hill 0-0: Ball
1-0: Ball
2-0: Called Strike
2-1: Foul Ball, location: 2F
2-2: Ball
3-2: Strikes out looking
Batting: LHB Russell Talusan 0-0: Ball
1-0: Ball
2-0: Ball
3-0: Base on Balls
Pitching: RHP Pat Aker
Batting: RHB Jason Hughes 0-0: Foul Ball, location: 2F
0-1: Swinging Strike
0-2: Foul Ball, location: 2F
0-2: Strikes out swinging
Batting: SHB John Koch 0-0: Called Strike
0-1: Ground out U3 (Groundball, 3L, EV 83.1 MPH)
Top of the 5th over - 0 runs, 0 hits, 0 errors, 1 left on base; Tacoma 4 - Evansville 1
BOTTOM OF THE 5TH
Evansville Triplets batting - Pitching for Tacoma Rainiers : RHP Noah Bennett
Batting: RHB Danny Lincicum 0-0: Ball
1-0: Ground out 5-3 (Groundball, 5, EV 104.4 MPH)
Batting: RHB Adrian Johansen 0-0: Called Strike
0-1: Swinging Strike
0-2: Ball
1-2: Strikes out swinging
Batting: RHB George Stahl 0-0: Ball
1-0: Foul Ball, location: 2F
1-1: Called Strike
1-2: Ball
2-2: Ground out 4-3 (Groundball, 4, EV 82.5 MPH)
Bottom of the 5th over - 0 runs, 0 hits, 0 errors, 0 left on base; Tacoma 4 - Evansville 1
TOP OF THE 6TH
Tacoma Rainiers batting - Pitching for Evansville Triplets : RHP Pat Aker
Batting: RHB Javy Meza 0-0: Called Strike
0-1: Foul Ball, location: 2F
0-2: Fly out, F9 (Flyball, 89XD, EV 89.4 MPH)
Batting: RHB Ulysses Rivera 0-0: Ball
1-0: Ball
2-0: Ball
3-0: Called Strike
3-1: Called Strike
3-2: Strikes out looking
Batting: LHB Trevor DiMaggio 0-0: Foul Ball, location: 2F
0-1: Fly out, F9 (Flyball, 9S, EV 90.6 MPH)
Top of the 6th over - 0 runs, 0 hits, 0 errors, 0 left on base; Tacoma 4 - Evansville 1
BOTTOM OF THE 6TH
Evansville Triplets batting - Pitching for Tacoma Rainiers : RHP Noah Bennett
Batting: LHB Justin Brockmeyer 0-0: SINGLE (Groundball, P, EV 90.0 MPH) (infield hit)
Batting: RHB Logan Vandemark 0-0: Bunt missed!
0-1: Bunted foul
0-2: Ball
1-2: Strikes out swinging
Batting: RHB Victor Vazquez 0-0: Fielders Choice at 2nd, 1-6 (Groundball, 13S, EV 61.9 MPH)
Batting: RHB Rich Galvan 0-0: Foul Ball, location: 2F
0-1: Foul Ball, location: 2F
0-2: Ball
1-2: Strikes out looking
Bottom of the 6th over - 0 runs, 1 hit, 0 errors, 1 left on base; Tacoma 4 - Evansville 1
TOP OF THE 7TH
Tacoma Rainiers batting - Pitching for Evansville Triplets : RHP Pat Aker
Batting: RHB Mike Collins 0-0: Swinging Strike
0-1: Ground out 6-3 (Groundball, 6, EV 76.2 MPH)
Batting: LHB Ben Lewis 0-0: Ball
1-0: Ball
2-0: Ball
3-0: Called Strike
3-1: Base on Balls
Batting: LHB Jimmy Hill 0-0: Ball
1-0: Called Strike
1-1: Foul Ball, location: 2F
1-2: Strikes out looking
Batting: LHB Russell Talusan 0-0: Ball
1-0: Ball
2-0: Foul Ball, location: 2F
2-1: Foul Ball, location: 2F
2-2: Ball
3-2: Foul Ball, location: 2F
3-2: Foul Ball, location: 2F
3-2: Foul Ball, location: 2F
3-2: Base on Balls
Ben Lewis to second
Pitching: RHP Logan Shoffstall
Batting: RHB Jason Hughes 0-0: Ball
1-0: Ball
2-0: Foul Ball, location: 2F
2-1: Ground out 5-3 (Groundball, 56S, EV 64.4 MPH)
Top of the 7th over - 0 runs, 0 hits, 0 errors, 2 left on base; Tacoma 4 - Evansville 1
BOTTOM OF THE 7TH
Evansville Triplets batting - Pitching for Tacoma Rainiers : RHP Noah Bennett
Batting: RHB Paul Crowder 0-0: Ball
1-0: Foul Ball, location: 2F
1-1: Foul Ball, location: 2F
1-2: Foul Ball, location: 2F
1-2: Ball
2-2: Ball
3-2: Foul Ball, location: 2F
3-2: Foul Ball, location: 2F
3-2: Foul Ball, location: 2F
3-2: Base on Balls
Batting: RHB Al Bulger 0-0: Foul Ball, location: 2F
0-1: Swinging Strike
0-2: Strikes out swinging
Batting: RHB Danny Lincicum 0-0: Ball
1-0: Foul Ball, location: 2F
1-1: Swinging Strike
1-2: SINGLE (Line Drive, 34D, EV 95.0 MPH)
Paul Crowder to second
Batting: RHB Adrian Johansen 0-0: Ball
1-0: Swinging Strike
1-1: Ball
2-1: Foul Ball, location: 2F
2-2: Strikes out swinging
Batting: RHB George Stahl 0-0: Ball
1-0: Foul Ball, location: 2F
1-1: Fly out, F9 (Line Drive, 9, EV 90.6 MPH)
Bottom of the 7th over - 0 runs, 1 hit, 0 errors, 2 left on base; Tacoma 4 - Evansville 1
TOP OF THE 8TH
Tacoma Rainiers batting - Pitching for Evansville Triplets : RHP Logan Shoffstall
Batting: SHB John Koch 0-0: Called Strike
0-1: Swinging Strike
0-2: Foul Ball, location: 2F
0-2: Ball
1-2: Ball
2-2: Fly out, F7 (Flyball, 7S, EV 85.0 MPH)
Batting: RHB Javy Meza 0-0: Ball
1-0: Fly out, F3 (Popup, 3, EV 74.4 MPH)
Batting: RHB Ulysses Rivera 0-0: Ball
1-0: Swinging Strike
1-1: Swinging Strike
1-2: Strikes out swinging
Top of the 8th over - 0 runs, 0 hits, 0 errors, 0 left on base; Tacoma 4 - Evansville 1
BOTTOM OF THE 8TH
Evansville Triplets batting - Pitching for Tacoma Rainiers : RHP Noah Bennett
Batting: LHB Justin Brockmeyer 0-0: Ball
1-0: Fly out, F7 (Flyball, 7, EV 86.2 MPH)
Batting: RHB Logan Vandemark 0-0: Called Strike
0-1: Called Strike
0-2: Ball
1-2: Fly out, F4 (Line Drive, 4, EV 70.6 MPH)
Batting: RHB Victor Vazquez 0-0: Foul Ball, location: 2F
0-1: DOUBLE (Line Drive, 3D, EV 96.2 MPH)
Batting: RHB Rich Galvan 0-0: Ground out 6-3 (Groundball, 6D, EV 110.6 MPH)
Bottom of the 8th over - 0 runs, 1 hit, 0 errors, 1 left on base; Tacoma 4 - Evansville 1
TOP OF THE 9TH
Tacoma Rainiers batting - Pitching for Evansville Triplets : RHP Logan Shoffstall
Batting: LHB Trevor DiMaggio 0-0: Called Strike
0-1: Ball
1-1: Ball
2-1: SINGLE (Line Drive, 7S, EV 100.6 MPH)
Pitching: RHP Dave Olivarez
Batting: RHB Mike Collins 0-0: Ball
1-0: Sac Bunt to 2L - play at first, batter OUT! 2-4
Trevor DiMaggio to second
Batting: LHB Ben Lewis 0-0: Ball
1-0: Ball
2-0: Foul Ball, location: 2F
2-1: Fly out, F8 (Line Drive, 8RD, EV 85.0 MPH)
Batting: LHB Jimmy Hill 0-0: Called Strike
0-1: Foul Ball, location: 2F
0-2: Ball
1-2: Strikes out swinging
Top of the 9th over - 0 runs, 1 hit, 0 errors, 1 left on base; Tacoma 4 - Evansville 1
BOTTOM OF THE 9TH
Evansville Triplets batting - Pitching for Tacoma Rainiers : RHP Noah Bennett
Pitching: RHP Honoria Gaona
Batting: RHB Paul Crowder 0-0: Ball
1-0: Foul Ball, location: 2F
1-1: Ball
2-1: SINGLE (Line Drive, 34D, EV 95.6 MPH)
Batting: RHB Al Bulger 0-0: Ball
1-0: Foul Ball, location: 2F
1-1: Swinging Strike
1-2: Foul Ball, location: 2F
1-2: Ball
2-2: Ball
3-2: Strikes out looking
Batting: RHB Danny Lincicum 0-0: Ball
1-0: Called Strike
1-1: Ball
2-1: Fly out, F3 (Line Drive, 3, EV 68.1 MPH)
Batting: RHB Adrian Johansen 0-0: Called Strike
0-1: Ball
1-1: Ball
2-1: Ball
3-1: Ground out 4-3 (Groundball, 4, EV 104.4 MPH)
Bottom of the 9th over - 0 runs, 1 hit, 0 errors, 1 left on base; Tacoma 4 - Evansville 1
Friday, April 26th , 2024 - OOTP Baseball 24.11 Build 85